 Dungeon Crawl Stone Soup version 0.29-a0-321-gf1c400731a (webtiles) character file.

Game seed: 12485118163479650876

3 horus123 the Ducker (level 1, -3/12 HPs)
             Began as a Deep Elf Gladiator on Apr 4, 2022.
             Frozen to death by an endoplasm (5 damage)
             ... on level 1 of the Dungeon.
             The game lasted 00:00:23 (129 turns).

horus123 the Ducker (Deep Elf Gladiator)             Turns: 129, Time: 00:00:23

Health: -3/12      AC:  4    Str: 11    XL:     1   Next: 41%
Magic:  3/3        EV: 13    Int: 12    God:
Gold:   0          SH:  0    Dex: 16    Spells: 0/0 levels left

rFire   . . .      SeeInvis .   a - +0 long sword
rCold   . . .      Faith    .   (no shield)
rNeg    . . .      Spirit   .   b - +0 leather armour
rPois   .          Reflect  .   c - +0 helmet
rElec   .          Harm     .   (no cloak)
rCorr   .          Rampage  .   (no gloves)
Will    .....                   (no boots)
Stlth   +.........              (no amulet)
HPRegen 0.04/turn               (no ring)
MPRegen 0.08/turn               (no ring)

@: no status effects
A: no striking features
a: no special abilities


You were on level 1 of the Dungeon.
You visited 1 branch of the dungeon, and saw 1 of its levels.

Inventory:

Hand Weapons
 a - a +0 long sword (weapon)
Missiles
 d - 3 throwing nets (quivered)
 e - a javelin
Armour
 b - a +0 leather armour (worn)
 c - a +0 helmet (worn)


   Skills:
 + Level 1.9 Fighting
 - Level 2.6 Long Blades
 - Level 2.0 Throwing
 - Level 3.6 Dodging


You couldn't memorise any spells.
You didn't know any spells.
Your spell library was empty.

Dungeon Overview and Level Annotations

Branches:
Dungeon (1/15)

Altars:


Message History

Found a leather armour.
No target in view!
No target in view!
No target in view!
No target in view!
Found 19 stones.
No target in view!
An endoplasm comes into view.
A kobold and a giant cockroach come into view.
Found a book of Maledictions.
The kobold shouts!
The endoplasm quivers.
The kobold moves out of view.
A ball python comes into view.
A dart slug comes into view.
The kobold throws a stone.
The stone hits you.
An endoplasm comes into view.
You closely miss the giant cockroach. The giant cockroach closely misses you.
The endoplasm closely misses you.
You closely miss the giant cockroach. The giant cockroach bites you.
The endoplasm freezes you.
You are frozen.
The kobold throws a stone.
The stone closely misses you. The giant cockroach closely misses you.
You are too injured to fight recklessly!
You are too injured to fight recklessly!
You are too injured to fight recklessly!
The endoplasm attacks as you move away! The endoplasm hits you.
* * * LOW HITPOINT WARNING * * *
The giant cockroach attacks as you move away!
The giant cockroach bites you.
* * * LOW HITPOINT WARNING * * *
The giant cockroach attacks as you move away!
The giant cockroach bites you but does no damage.
The giant cockroach closely misses you. The endoplasm attacks as you move away!
The endoplasm closely misses you.
You aren't carrying any potions.
You barely miss the endoplasm. The endoplasm freezes you.
You are frozen.
You die...

.# #[...# .########
#....########## .##..†..#
#........(....#. ....###.#
#.>............ .#.)###.###.#
#......w.....# .#..........#
#.K.KJ......##
##.####.########B##.......#.#
+..# #.#.....##J#######.#..#
#### #.....#.##@# .# .#
#.....#.##.# .# #
#.....#.##.# # #.(...#....#
#.....###### #.....# ##....#
#....#


You could see an endoplasm, a giant cockroach and a kobold.

Vanquished Creatures
  A kobold (D:1)
  2 bats (D:1)
3 creatures vanquished.

Notes
Turn   | Place    | Note
-------+----------+-------------------------------------------
     0 | D:1      | horus123 the Deep Elf Gladiator began the quest for the
                  | Orb.
     0 | D:1      | Reached XP level 1. HP: 12/12 MP: 3/3
   129 | D:1      | Frozen to death by an endoplasm

Illustrated notes

Levels and vault maps discovered:
D:1:      shiori_arrival_oz, layout_basic,
          dreamdust_ecumenical_altar_hidden_monk_grotto,
          hangedman_decor_clover_reticule, minmay_3d_cube

Action                   || total
-------------------------++-------
Melee: Long sword        ||    12
Armor: Leather armour    ||     6
Dodge: Dodged            ||    23

Table legend: (Time is in decaauts)
 A = Elapsed time spent in this place.
 B = Non-inter-level travel time spent in this place.
 C = Inter-level travel time spent in this place.
 D = Time resting spent in this place.
 E = Time spent auto-exploring this place.
 F = Levels seen in this place.
 G = Mean time per level.
                   A        B        C        D        E       F      G
               +--------+--------+--------+--------+--------+-----+--------+
         Total |    131 |    131 |      0 |      0 |     90 |   1 |  131.0 |
       Dungeon |    131 |    131 |      0 |      0 |     90 |   1 |  131.0 |
               +--------+--------+--------+--------+--------+-----+--------+

Top non-repeatable levels by time:
     D:1: 131 daAuts
